 Dungeon Crawl Stone Soup version 0.28-a0-580-ga2639ab843 (webtiles) character file.

Game seed: 11507252654234589361

5 freelancePsychic the Skirmisher (level 1, -3/16 HPs)
             Began as a Demonspawn Wanderer on Oct 3, 2021.
             Slain by a gnoll (6 damage)
             ... on level 1 of the Dungeon.
             The game lasted 00:01:22 (629 turns).

freelancePsychic the Skirmisher (DsWn)               Turns: 629, Time: 00:01:23

Health: -3/16      AC:  2    Str: 12    XL:     1   Next: 66%
Magic:  1/2        EV: 11    Int: 14    God:
Gold:   20         SH:  0    Dex: 11    Spells: 1/2 levels left

rFire   . . .      SeeInvis .   a - +0 hand axe
rCold   . . .      Faith    .   (no shield)
rNeg    . . .      Spirit   .   c - +0 robe
rPois   .          Reflect  .   (no helmet)
rElec   .          Harm     .   (no cloak)
rCorr   .          Rampage  .   (no gloves)
Will    .....                   (no boots)
Stlth   +.........              (no amulet)
HPRegen 0.05/turn               (no ring)
MPRegen 0.08/turn               (no ring)

@: no status effects
A: no striking features
a: no special abilities


You were on level 1 of the Dungeon.
You visited 1 branch of the dungeon, and saw 1 of its levels.

You collected 20 gold pieces.

Inventory:

Hand Weapons
 a - a +0 hand axe (weapon)
Armour
 c - a +0 robe (worn)
Jewellery
 d - an amulet of guardian spirit
Scrolls
 b - a scroll of teleportation {@r4}


   Skills:
 - Level 2.0 Fighting
 - Level 1.0 Axes
 - Level 1.7 Armour
 - Level 1.0 Stealth
 - Level 1.0 Shields
 + Level 1.2 Spellcasting
 + Level 0.4 Conjurations
 + Level 2.0 Fire Magic


You had one spell level left.
You knew the following spells:

 Your Spells              Type           Power      Damage    Failure   Level
a - Foxfire               Conj/Fire      16%        2x1d4     16%         1

Your spell library contained the following spells:

 Spells                   Type           Power      Damage    Failure   Level
 Scorch                   Fire           12%        2d5       17%         2
 Conjure Flame            Conj/Fire      4%         6-21      43%         3
 Inner Flame              Hex/Fire       3%         N/A       45%         3
 Flame Wave               Conj/Fire      4%         3d3       83%         4


Dungeon Overview and Level Annotations

Branches:
Dungeon (1/15)

Altars:


Message History

Things that are here:
a +0 dagger; a goblin corpse Unknown command.
You open the door.
There is an open door here.
A gnoll comes into view. It is wielding a +0 whip.
Found 13 gold pieces.
The gnoll shouts!
A gnoll is nearby!
A gnoll is nearby!
Casting: Foxfire (safe; 16% risk of failure)
Confirm with . or Enter, or press ? or * to list all spells.
You conjure some foxfire!
The gnoll closely misses you.
Casting: Foxfire (safe; 16% risk of failure)
Confirm with . or Enter, or press ? or * to list all spells.
You conjure some foxfire!
The foxfire hits the gnoll but does no damage.
The foxfire hits the gnoll.
The gnoll is moderately wounded.
The gnoll hits you with a +0 whip!
You closely miss the gnoll.
The gnoll is moderately wounded.
The foxfire hits the gnoll but does no damage.
The gnoll is moderately wounded.
The gnoll hits you with a +0 whip.
Found a coppery potion.
Casting: Foxfire (safe; 16% risk of failure)
Confirm with . or Enter, or press ? or * to list all spells.
You conjure some foxfire!
The foxfire hits the gnoll.
The gnoll is moderately wounded.
The foxfire hits the gnoll but does no damage.
The gnoll is moderately wounded.
The gnoll hits you with a +0 whip.
* * * LOW HITPOINT WARNING * * *
Found a plate armour.
Casting: Foxfire (safe; 16% risk of failure)
Confirm with . or Enter, or press ? or * to list all spells.
You conjure some foxfire!
The gnoll hits you with a +0 whip.
You die...

#.########...### #........#.....
############.#..#
#...............#
#....#######.##.# ... #....#
#.##.# #.# ####.# #.##.#### #.#
#.# #.$.vv..# #.# #.# #...@g#.#
#.# #####'## #.###.#.# #.#
.......# #.......# #.#
.......################.#########
.................................
.......######....######.#........
.......# #....#####..##.##....
####..## #....#.............#.
###..# #....#.###..##.##..#.


You could see a gnoll (ally target).

Vanquished Creatures
  A giant cockroach (D:1)
  A goblin (D:1)
  A hobgoblin (D:1)
  A kobold (D:1)
4 creatures vanquished.

Vanquished Creatures (others)
  13 foxfires (D:1)
13 creatures vanquished.

Grand Total: 17 creatures vanquished

Notes
Turn   | Place    | Note
-------+----------+-------------------------------------------
     0 | D:1      | freelancePsychic the Demonspawn Wanderer began the quest
                  | for the Orb.
     0 | D:1      | freelancePsychic set off with the following items: a +0
                  | hand axe, a scroll of teleportation {@r4}, a +0 robe; and
                  | the following spell memorised: Foxfire; and the following
                  | spells available to memorise: Scorch, Conjure Flame, Inner
                  | Flame, Flame Wave
     0 | D:1      | Reached XP level 1. HP: 16/16 MP: 2/2
   629 | D:1      | Slain by a gnoll

Illustrated notes

Levels and vault maps discovered:
D:1:      wander_arrival_chamber, layout_basic

Skill      XL: |  1 |
---------------+----+-----
Fire Magic     | 2 |  2.0
Fighting       | |  2.0
Axes           | |  1.0
Armour         | |  1.7
Stealth        | |  1.0
Shields        | |  1.0
Spellcasting   | |  1.2
Conjurations   | |  0.4

Action                   || total
-------------------------++-------
Melee: Hand axe          ||    14
 Cast: Foxfire           ||     9
Armor: Robe              ||     6
Dodge: Dodged            ||    10

Table legend: (Time is in decaauts)
 A = Elapsed time spent in this place.
 B = Non-inter-level travel time spent in this place.
 C = Inter-level travel time spent in this place.
 D = Time resting spent in this place.
 E = Time spent auto-exploring this place.
 F = Levels seen in this place.
 G = Mean time per level.
                   A        B        C        D        E       F      G
               +--------+--------+--------+--------+--------+-----+--------+
         Total |    632 |    632 |      0 |      0 |    540 |   1 |  632.0 |
       Dungeon |    632 |    632 |      0 |      0 |    540 |   1 |  632.0 |
               +--------+--------+--------+--------+--------+-----+--------+

Top non-repeatable levels by time:
     D:1: 632 daAuts
